 Dungeon Crawl Stone Soup version 0.28-a0-1447-ga5a8893891 (webtiles) character file.

Game seed: 17418407111112049365

64 bladeefan the Skirmisher (level 3, -4/29 HPs)
             Began as a Demonspawn Fighter on Jan 11, 2022.
             Slain by Sigmund (10 damage)
             ... on level 2 of the Dungeon.
             The game lasted 00:02:09 (1490 turns).

bladeefan the Skirmisher (Demonspawn Fighter)       Turns: 1490, Time: 00:02:10

Health: -4/29      AC:  6    Str: 18    XL:     3   Next: 91%
Magic:  3/3        EV:  9    Int:  9    God:
Gold:   82         SH:  4    Dex: 12    Spells: 2/2 levels left

rFire   . . .      SeeInvis .   a - +0 flail
rCold   . . .      Faith    .   c - +0 buckler
rNeg    . . .      Spirit   .   b - +0 scale mail
rPois   .          Reflect  .   (no helmet)
rElec   .          Harm     .   (no cloak)
rCorr   .          Rampage  .   (no gloves)
Will    .....                   (no boots)
Stlth   ..........              (no amulet)
HPRegen 0.09/turn               (no ring)
MPRegen 0.08/turn               (no ring)

@: no status effects
A: weakness stinger 1
a: no special abilities


You were on level 2 of the Dungeon.
You visited 1 branch of the dungeon, and saw 2 of its levels.

You collected 82 gold pieces.

Inventory:

Hand Weapons
 a - a +0 flail (weapon)
Armour
 b - a +0 scale mail (worn)
 c - a +0 buckler (worn)
Jewellery
 e - a +4 ring of evasion
   (You found it on level 1 of the Dungeon)
Scrolls
 g - a scroll of identify {@r1}
 i - a scroll of fog {unknown}
Potions
 d - a potion of might
 f - a potion of attraction {!q}
 h - a potion of curing {unknown}


   Skills:
 + Level 3.4 Fighting
 * Level 2.8 Maces & Flails
 + Level 3.1 Armour
 + Level 3.1 Shields


You had 2 spell levels left.
You didn't know any spells.
Your spell library contained the following spells:

 Spells                   Type           Power      Damage    Failure   Level
 Corpse Rot               Necr/Air       0%         N/A       94%         2
 Poisonous Vapours        Pois/Air       0%         N/A       94%         2


Dungeon Overview and Level Annotations

Branches:
Dungeon (2/15)

Altars:

Annotations:
D:2 Sigmund


Innate Abilities, Weirdness & Mutations

You have a small tail.


Message History

A worm comes into view.
A worm is nearby!
A worm is nearby!
A worm is nearby!
A worm is nearby!
A worm is nearby!
A frilled lizard comes into view.
The frilled lizard hisses angrily.
The worm bites you!
You barely miss the worm. You tail-slap the worm. The bat barely misses you.
The bat hits you. The worm closely misses you.
You hit the worm.
Your tail-slap misses the worm.
The bat hits you.
You sock the worm! You block the worm's attack.
The frilled lizard barely misses you.
You barely miss the worm. You tail-slap the worm.
The frilled lizard closely misses you. The worm bites you!
* * * LOW HITPOINT WARNING * * *
Sigmund shouts!
Sigmund laughs darkly.
The bat barely misses you. The bat barely misses you.
The bat hits you but does no damage. You block the bat's attack.
Sigmund's eyes start glowing with a red light.
Sigmund drinks a potion.
Sigmund seems to speed up.
You block the bat's attack.
The frilled lizard unfolds its giant frill.
The bat hits you but does no damage. The bat hits you but does no damage.
The bat hits you but does no damage. x2
The bat hits you but does no damage. The bat hits you but does no damage.
You block the bat's attack.
Sigmund casts a spell.
Sigmund flickers and vanishes!
Deactivating autopickup; reactivate with Ctrl-A.
The bat hits you but does no damage. The bat hits you but does no damage.
You block the bat's attack. The bat closely misses you.
The bat hits you but does no damage. The bat hits you but does no damage.
You hit the bat.
You kill the bat!
You see here a bat corpse.
Something hits you.
* * * LOW HITPOINT WARNING * * *
Something hits you.
* * * LOW HITPOINT WARNING * * *
Something hits you!
You die...

##....# ##.....# #......#
#......# #......#
#......######
#...<.).....#
##........#.##### ##
######...@........<..####.
.........l......####..##..
####...........#####.....
#...............###...##
##.##......(.....#...####
#..###...........#.### #
#.## #.........)...# #
##.# ##.#.........### #
#..# #.†..###.....#


You could see a frilled lizard.

Vanquished Creatures
  Jessica (D:2)
  A worm (D:2)
  2 dart slugs (D:1)
  A ball python (D:1)
  6 bats
  3 giant cockroaches
  3 goblins
  4 hobgoblins
  3 kobolds (D:1)
  A quokka (D:1)
  3 frilled lizards
  2 rats (D:2)
30 creatures vanquished.

Notes
Turn   | Place    | Note
-------+----------+-------------------------------------------
     0 | D:1      | bladeefan the Demonspawn Fighter began the quest for the
                  | Orb.
     0 | D:1      | Reached XP level 1. HP: 18/18 MP: 1/1
   404 | D:1      | Discovered your monstrous ancestry.
   404 | D:1      | Gained mutation: You have a small tail. [demonic ancestry]
   404 | D:1      | Reached XP level 2. HP: 24/24 MP: 2/2
   972 | D:2      | Noticed Sigmund
  1167 | D:2      | Reached XP level 3. HP: 20/29 MP: 3/3
  1269 | D:2      | Noticed Jessica
  1289 | D:2      | Killed Jessica
  1490 | D:2      | Slain by Sigmund

Illustrated notes

Levels and vault maps discovered:
D:1:      minmay_arrival_split_and_join, layout_loops_cross, serial_forest,
          infiniplex_forest_straight_5, infiniplex_forest_end_1,
          infiniplex_forest_lined_3, infiniplex_forest_straight_2,
          infiniplex_forest_straight_2, infiniplex_forest_lined_2,
          hangedman_decor_lopped
D:2:      layout_rooms, uniq_crazy_yiuf_cottage, uniq_sigmund, uniq_jessica

Skill      XL: |  1  2  3 |
---------------+----------+-----
Maces & Flails | 2 |  2.8
Armour         | 3 |  3.1
Shields        | 3 |  3.1
Fighting       | |  3.4

Action                   || total
-------------------------++-------
Melee: Flail             ||    90
       Tailslap          ||    10
  Use: Scroll            ||     1
Armor: Scale mail        ||    52
Dodge: Dodged            ||    49
Block: Buckler           ||    28

Table legend: (Time is in decaauts)
 A = Elapsed time spent in this place.
 B = Non-inter-level travel time spent in this place.
 C = Inter-level travel time spent in this place.
 D = Time resting spent in this place.
 E = Time spent auto-exploring this place.
 F = Levels seen in this place.
 G = Mean time per level.
                   A        B        C        D        E       F      G
               +--------+--------+--------+--------+--------+-----+--------+
         Total |   1520 |   1500 |     20 |    222 |    914 |   2 |  760.0 |
       Dungeon |   1520 |   1500 |     20 |    222 |    914 |   2 |  760.0 |
               +--------+--------+--------+--------+--------+-----+--------+

Top non-repeatable levels by time:
     D:1: 1082 daAuts
     D:2: 438 daAuts
